 Dungeon Crawl Stone Soup version 0.28.0-45-g0d030f2227 (webtiles) character file.

Game seed: 16356740779833168525

870 Kangaroobicon the Chopper (level 7, -8/58 HPs)
             Began as a Palentonga Fighter on Apr 24, 2022.
             Was a Priest of Lugonu.
             Mangled by an orc warrior
             ... wielding a +0 battleaxe
              (10 damage)
             ... on level 5 of the Dungeon.
             The game lasted 00:29:22 (3033 turns).

Kangaroobicon the Chopper (Palentonga Fighter)      Turns: 3033, Time: 00:29:22

Health: -8/58      AC: 23    Str: 20    XL:     7   Next: 73%
Magic:  0/7        EV:  5    Int:  8    God:    Lugonu [***...]
Gold:   113        SH:  4    Dex: 11    Spells: 6/6 levels left

rFire   . . .      SeeInvis +   a - +0 war axe
rCold   + . .      Faith    .   c - +0 buckler
rNeg    . . .      Spirit   +   o - +0 chain mail
rPois   .          Reflect  .   x - +1 helmet
rElec   .          Harm     .   (no cloak)
rCorr   .          Rampage  .   l - +0 pair of gloves
Will    .....                   (no barding)
Stlth   ..........              j - amulet of guardian spirit
HPRegen 0.19/turn               t - ring of protection from cold
MPRegen 0.10/turn               A - +4 ring of protection

@: curled up
A: large, rugged brown scales 3, see invisible, deformed body, roll 1, armoured
tail, reflexive curl
a: Rolling Charge, Renounce Religion, Depart the Abyss, Bend Space, Banish


You were on level 5 of the Dungeon.
You worshipped Lugonu.
Lugonu was most pleased with you.
You visited 1 branch of the dungeon, and saw 5 of its levels.

You collected 113 gold pieces.

Inventory:

Hand Weapons
 a - a +0 war axe (weapon)
 z - a +2 dagger of draining
Armour
 c - a +0 buckler (worn)
 l - a +0 pair of gloves (worn)
 o - a +0 chain mail (worn)
 x - a +1 helmet (worn)
Jewellery
 d - an amulet of faith
 j - an amulet of guardian spirit (around neck)
 n - an amulet of regeneration
 t - a ring of protection from cold (left hand)
 A - a +4 ring of protection (right hand)
Wands
 y - a wand of digging (4)
Scrolls
 e - a scroll of enchant weapon {unknown}
 g - a scroll of vulnerability {unknown}
 h - a scroll of brand weapon {unknown}
 i - a scroll of amnesia {unknown}
 k - a scroll of immolation {unknown}
 q - a scroll of fear {unknown}
 r - a scroll of torment {unknown}
 v - a scroll of identify
Potions
 b - a potion of flight {unknown}
 f - a potion of heal wounds {unknown}
 m - 2 potions of lignification
 p - a potion of berserk rage {unknown}
 s - a potion of haste {unknown}
 u - a potion of curing {unknown}
 w - a potion of invisibility {unknown}


   Skills:
 + Level 4.6 Fighting
 + Level 6.1 Axes
 + Level 4.5 Armour
 + Level 0.7 Dodging
 + Level 0.5 Stealth
 + Level 3.1 Shields


You had 6 spell levels left.
You didn't know any spells.
Your spell library was empty.

Dungeon Overview and Level Annotations

Branches:
Dungeon (5/15)             Temple (0/1) D:5

Altars:
Dithmenos
Trog
Beogh
Lugonu


Innate Abilities, Weirdness & Mutations

You are completely covered in rugged brown scales. (AC +3, +7% HP)
You have supernaturally acute eyesight. (SInv)
Armour fits poorly on your strangely shaped body.
You can roll at nearby foes to attack.
You have a long armoured tail.
You curl defensively after being hit. (AC +7*)


Message History

It is covered in frost.
The kobold brigand shoots a bolt.
The bolt hits you.
* * * LOW HITPOINT WARNING * * *
The bolt freezes you.
* * * LOW HITPOINT WARNING * * *
A kobold comes into view.
It is wielding a +1 short sword of venom.
* * * LOW HITPOINT WARNING * * *
You feel very sick.
* * * LOW HITPOINT WARNING * * *
You feel sick.
* * * LOW HITPOINT WARNING * * *
You feel sick.
The sentinel's mark upon you fades away.
* * * LOW HITPOINT WARNING * * *
You feel sick.
* * * LOW HITPOINT WARNING * * *
You feel sick.
You fail to use your ability.
* * * LOW HITPOINT WARNING * * *
You feel sick. The orc barely misses you.
A quokka comes into view.
* * * LOW HITPOINT WARNING * * *
You feel sick.
* * * LOW HITPOINT WARNING * * *
You feel sick.
* * * LOW HITPOINT WARNING * * *
You feel sick.
You are no longer poisoned.
Okay, then.
You barely miss the orc.
Your tail-slap misses the orc.
You barely miss the orc warrior.
The orc warrior is severely wounded.
You barely miss the orc warrior.
You tail-slap the orc warrior, but do no damage.
The orc warrior is severely wounded.
You block the orc warrior's attack. x2
You hit the orc warrior but do no damage.
Your tail-slap misses the orc warrior.
The orc warrior is severely wounded.
The orc warrior hits you with a +0 battleaxe!
You die...

#.#.#.#.##...#.####.⌠..>..⌠.#
#)#.#.....# #.. #...(.......
#o...r.#.# #.###.###...####
###o.†..# #....# #.⌠.#
#..##.# #.#### #...# ##o..K##
##.####.##### ###r#.##
##......# #KoKK###........#
#####oo@#........#
############.. #


You could see an orc warrior, a kobold brigand, 2 orcs, a quokka and 2 kobolds.

Vanquished Creatures
  Grinder (D:4)
  Duvessa (D:4)
  A necrophage (D:4)
  The ghost of Bruhh the Caller, an amateur DsSu (D:3)
  2 scorpions (D:4)
  Dowan (D:4)
  A centaur skeleton (D:4)
  An iguana (D:4)
  An orc wizard (D:4)
  A hound skeleton (D:4)
  3 gnolls (D:2)
  6 adders
  A worm (D:3)
  2 dart slugs
  9 orcs
  5 ball pythons
  6 endoplasms
  9 giant cockroaches
  5 goblins
  4 hobgoblins
  4 jackals (D:1)
  2 quokkas
  3 bats
  3 frilled lizards
  8 kobolds
  A rat (D:2)
82 creatures vanquished.

Notes
Turn   | Place    | Note
-------+----------+-------------------------------------------
     0 | D:1      | Kangaroobicon the Palentonga Fighter began the quest for
                  | the Orb.
     0 | D:1      | Reached XP level 1. HP: 19/19 MP: 1/1
   399 | D:1      | Reached XP level 2. HP: 25/25 MP: 2/2
   881 | D:2      | Reached XP level 3. HP: 30/31 MP: 3/3
   945 | D:2      | Reached XP level 4. HP: 18/37 MP: 4/4
  1504 | D:2      | Found a faded altar of an unknown god.
  1509 | D:2      | Prayed at the altar of an unknown god.
  1509 | D:2      | Became a worshipper of Lugonu the Unformed
  1509 | D:2      | Reached * piety under Lugonu
  1509 | D:2      | Reached ** piety under Lugonu
  1741 | D:3      | Found a shadowy altar of Dithmenos.
  1760 | D:3      | Found a runed translucent door.
  1849 | D:3      | Noticed Bruhh's ghost (amateur DsSu)
  1894 | D:3      | Found a runed translucent door.
  1901 | D:3      | Reached skill level 3 in Axes
  1904 | D:3      | Reached XP level 5. HP: 43/44 MP: 5/5
  1915 | D:3      | Killed Bruhh's ghost
  2196 | D:4      | Found a bloodstained altar of Trog.
  2364 | D:4      | Noticed Grinder
  2378 | D:4      | Paralysed by Grinder for 2 turns
  2386 | D:4      | Killed Grinder
  2387 | D:4      | Reached skill level 4 in Axes
  2387 | D:4      | Reached XP level 6. HP: 15/51 MP: 2/6
  2700 | D:4      | Noticed Duvessa
  2700 | D:4      | Noticed Dowan
  2708 | D:4      | Killed Duvessa
  2709 | D:4      | Reached skill level 5 in Axes
  2709 | D:4      | Gained mutation: You curl defensively after being hit. (AC
                  | +7*) [Palentonga growth]
  2709 | D:4      | Reached XP level 7. HP: 45/57 MP: 4/7
  2714 | D:4      | Killed Dowan
  2785 | D:4      | Reached skill level 6 in Axes
  2971 | D:5      | Entered Level 5 of the Dungeon
  2971 | D:5      | Found a staircase to the Ecumenical Temple.
  3002 | D:5      | Identified the +1 pair of boots "Xume" {Rampage rN+++ Str+4
                  | Slay-6}
  3006 | D:5      | Reached *** piety under Lugonu
  3028 | D:5      | HP: 2/58 [poisoned by a kobold]
  3033 | D:5      | Mangled by an orc warrior

Illustrated notes

Levels and vault maps discovered:
D:1:      minmay_arrival_stone_box, layout_basic, feat_on_display
D:2:      layout_basic, hellmonk_ecumenical_altar_defaced_shrine
D:3:      layout_rooms, nicolae_dithmenos_through_a_glass_darkly,
          ebering_ghost_sewer_f, chequers_serial_rivers_micro_c, grunt_decor_cap
D:4:      layout_basic, mainiacjoe_overflow_boulevard, uniq_grinder,
          uniq_duvessa
D:5:      layout_loops_ring, minmay_temple_entry_junction, serial_shops, shop,
          amcnicky_mini_rare_corridor_liquid, serial_park_tiny_2

Skill      XL: |  1  2  3  4  5  6  7 |
---------------+----------------------+-----
Armour         | 3 4 |  4.5
Axes           | 3 4 5 6 |  6.1
Fighting       | 4 |  4.6
Shields        | 3 |  3.1
Dodging        | |  0.7
Stealth        | |  0.5

Action                   |  1- 3 |  4- 6 |  7- 9 || total
-------------------------+-------+-------+-------++-------
Melee: War axe           |    69 |   119 |    47 ||   235
       Tailslap          |    10 |    11 |    10 ||    31
Invok: Bend Space        |       |       |     1 ||     1
 Abil: Rolling Charge    |     1 |     5 |     2 ||     8
  Use: Potion            |     1 |     1 |       ||     2
       Scroll            |       |       |     1 ||     1
Armor: Scale mail        |    14 |       |       ||    14
       Ring mail         |    22 |     1 |       ||    23
       Chain mail        |       |    73 |    34 ||   107
Dodge: Dodged            |    38 |    23 |    13 ||    74
Block: Buckler           |    14 |    28 |    15 ||    57
